 Dungeon Crawl Stone Soup version 0.25.1-2-g60ff931 (webtiles) character file.

Game seed: 11277148240579406198

10325 noctem87 the Fiendish (level 11, -3/91 HPs)
             Began as a Ghoul Monk on Aug 31, 2020.
             Was a Priest of Makhleb.
             Slain by a wraith (7 damage)
             ... led by Josephine
             ... on level 1 of the Orcish Mines on Sept 1, 2020.
             The game lasted 01:53:12 (9730 turns).

noctem87 the Fiendish (Ghoul Monk)                  Turns: 9730, Time: 01:53:13

Health: -3/91      AC: 19    Str: 19    XL:     11   Next: 60%
Magic:  17/17      EV:  9    Int:  5    God:    Makhleb [***...]
Gold:   703        SH:  0    Dex: 11    Spells: 13/13 levels left

rFire    . . .     SeeInvis .     - Unarmed
rCold    + + .     Gourm    .   (no shield)
rNeg     + + +     Faith    .   K - +1 plate armour
rPois    ∞         Spirit   .   p - +2 hat
rElec    .         Reflect  .   r - scarf {repulsion}
rCorr    .         Harm     .   P - +1 pair of gloves
MR       .....                  k - +0 pair of boots
Stlth    ..........             l - amulet of regeneration
HPRegen  0.00/turn              D - ring of protection from cold
MPRegen  0.15/turn              (no ring)

@: mighty, about to teleport, rotting, slowed, repel missiles, very slow
A: rotting body, claws 1, carnivore, cold resistance 1, negative energy
resistance 3, inhibited regeneration, torment resistance, unbreathing
a: Minor Destruction, Lesser Servant of Makhleb, Renounce Religion


You were on level 1 of the Orcish Mines.
You worshipped Makhleb.
Makhleb was most pleased with you.
You were not hungry.

You visited 3 branches of the dungeon, and saw 13 of its levels.
You also visited: Sewer.

You collected 703 gold pieces.

Inventory:

Missiles
 c - 28 boomerangs (quivered)
 m - 31 poisoned darts
 v - 7 boomerangs of dispersal
 G - 3 silver boomerangs
 O - 3 atropa-tipped darts
Armour
 k - a +0 pair of boots (worn)
 o - a +0 chain mail of magic resistance
 p - a +2 hat (worn)
 r - a scarf of repulsion (worn)
 K - a +1 plate armour (worn)
 P - a +1 pair of gloves (worn)
Magical Staves
 n - an uncursed staff of wizardry {unknown}
 z - an uncursed staff of poison {unknown}
Jewellery
 l - an amulet of regeneration (around neck)
 D - a ring of protection from cold (left hand)
Wands
 s - a wand of digging (9)
 N - a wand of polymorph (9)
Scrolls
 f - 3 scrolls of enchant armour
 j - 2 scrolls of immolation
 q - a scroll of amnesia
 x - 3 scrolls of remove curse
 y - a scroll of enchant weapon {unknown}
 B - 4 scrolls of fog
 E - a scroll of fear {unknown}
 F - 2 scrolls of noise
 J - 4 scrolls of identify
 M - a scroll of vulnerability {unknown}
Potions
 a - a potion of stabbing
 e - 3 potions of flight {unknown}
 g - 2 potions of degeneration {unknown}
 h - 3 potions of lignification
 i - 5 potions of curing
 t - a potion of cancellation
 C - a potion of resistance {unknown}
Miscellaneous
 L - a tin of tremorstones (3/3)
Comestibles
 b - 16 rations
 d - a chunk of flesh


   Skills:
 - Level 6.7 Fighting
 + Level 2.1 Staves
 - Level 6.0 Armour
 + Level 10.1 Dodging
 - Level 2.1 Stealth
 - Level 6.7 Unarmed Combat
 + Level 1.5 Spellcasting
 - Level 10.4 Invocations
 + Level 1.7 Evocations


You had 13 spell levels left.
You didn't know any spells.
Your spell library contained the following spells:

 Spells                   Type           Power        Failure   Level  Hunger
 Infusion                 Chrm           #...         100%        1    ##.....
 Shroud of Golubria       Chrm/Tloc      #.....       100%        2    ###....
 Song of Slaying          Chrm           #.......     100%        2    ###....
 Ozocubu's Armour         Chrm/Ice       #.......     100%        3    ####...
 Spectral Weapon          Hex/Chrm       #.......     100%        3    ####...


Dungeon Overview and Level Annotations

Branches:
Dungeon (10/15)            Temple (1/1) D:4             Orc (2/2) D:9
  Sewer (visited)
   Lair: D:8-11         Elf: Orc:2

Altars:
Ashenzari
Cheibriados
Dithmenos
Elyvilon
Fedhas
Gozag
Hepliaklqana
Kikubaaqudgha
Makhleb
Nemelex Xobeh
Okawaru
Qazlal
Ru
Sif Muna
Trog
Uskayaw
Vehumet
Wu Jian
Xom
Yredelemnul
Zin
The Shining One
Beogh

Shops:
D:4 *   Orc:2 (


Innate Abilities, Weirdness & Mutations

Your body is rotting away.
You thrive on raw meat.
You are immune to poison.
You have sharp fingernails.
You are carnivorous and can eat meat at any time.
Your flesh is cold resistant. (rC+)
You are immune to negative energy. (rN+++)
You do not regenerate when monsters are visible.
You are immune to unholy pain and torment.
You can survive without breathing.


Message History

There is a stone staircase leading up here.
The wraith hits you but does no damage. x2
You climb upwards.
There is a stone staircase leading down here.
A demon appears!
The wraith hits you.
* * * LOW HITPOINT WARNING * * *
The wraith hits you.
* * * LOW HITPOINT WARNING * * *
You feel very mighty all of a sudden. The wraith hits you but does no damage.
The wraith closely misses you.
Your hellwing closely misses the wraith. x2
Okay, then.
As you read the scroll of teleportation, it crumbles to dust.
You feel strangely unstable. The wraith hits you!
* * * LOW HITPOINT WARNING * * *
The wraith drains your vigour!
You feel yourself slow down. The wraith hits you but does no damage.
Your magical contamination has completely faded away.
The wraith hits you!
You die...

###..........#####....##
##..........#........#
#....................#
##...................##
##....................#
#.....................#
##.....................
###..............#....
##.@W..............#
#...W............... *
####<..4...........#..#
*
##.##..................#
*
#..........>..#..#......
**
##.##........######.....
,**
###..........##.##....#
,,*
##.#.#.........##.#.#
,** ######........###>..


You could see 2 wraiths and a friendly hellwing (summoned).

Vanquished Creatures
  A two-headed ogre (D:10)
  An orc knight (Orc:2)
  An orc sorcerer (Orc:2)
  A troll (D:9)
  Grinder (D:6)
  2 hippogriffs
  Sigmund (D:6)
  9 yaks
  A steam dragon (D:9)
  A warg (Orc:1)
  A water moccasin (D:10)
  3 orc warriors
  3 sky beasts
  An eye of draining (D:8)
  An ice beast (D:6)
  4 ogres
  A phantom (D:9)
  2 centaurs
  A crocodile (D:10)
  A big kobold (D:5)
  7 bullfrogs
  A water moccasin zombie (D:8)
  3 scorpions
  A water moccasin skeleton (D:8)
  4 crimson imps
  A hound (D:9)
  A centaur skeleton (D:9)
  2 jellies
  8 orc wizards
  5 orc priests
  2 bullfrog skeletons
  3 iguanas
  6 worker ants
  A killer bee zombie (D:8)
  A hound skeleton (D:4)
  A hound zombie (D:8)
  A mummy (D:8)
  4 gnolls (D:4)
  3 river rats (Sewer)
  12 adders
  A shadow imp (D:5)
  2 adder skeletons
  An adder zombie (D:5)
  A worm (D:4)
  A dart slug (D:1)
  9 leopard geckos
  35 orcs
  4 ball pythons
  5 bats
  8 giant cockroaches
  9 goblins
  4 hobgoblins
  3 jackals (D:4)
  A quokka (D:4)
  10 frilled lizards
  A jackal skeleton (D:9)
  2 jackal zombies
  4 kobolds (D:1)
  A quokka skeleton (D:4)
  14 rats
220 creatures vanquished.

Vanquished Creatures (collateral kills)
  Gastronok (D:8)
  Josephine (Orc:2)
  An orc knight (Orc:2)
  A hippogriff (D:10)
  A wraith (Orc:2)
  6 yaks
  A warg (Orc:2)
  5 orc warriors (Orc:2)
  2 ogres
  4 killer bees (D:10)
  A howler monkey (D:5)
  2 orc priests (Orc:2)
  An orc wizard (Orc:2)
  An iguana (D:10)
  2 worker ants
  An adder skeleton (D:5)
  9 orcs (Orc:2)
  A giant cockroach (D:5)
41 creatures vanquished.

Vanquished Creatures (others)
  An orc wizard (Orc:2)
1 creature vanquished.

Grand Total: 262 creatures vanquished

Notes
Turn   | Place    | Note
-------+----------+-------------------------------------------
     0 | D:1      | noctem87 the Ghoul Monk began the quest for the Orb.
     0 | D:1      | Reached XP level 1. HP: 19/19 MP: 0/0
   121 | D:1      | Reached XP level 2. HP: 25/25 MP: 1/1
   389 | D:1      | Reached XP level 3. HP: 30/33 MP: 2/2
  1104 | D:2      | Found a white marble altar of Elyvilon.
  1164 | D:2      | Reached XP level 4. HP: 23/40 MP: 3/3
  1596 | D:2      | You fall into a shaft and drop 1 floor!
  1712 | D:3      | Reached skill level 1 in Armour
  2186 | D:3      | Found an ancient bone altar of Kikubaaqudgha.
  2186 | D:3      | Found a blossoming altar of Fedhas.
  2191 | D:3      | Found a burning altar of Makhleb.
  2196 | D:3      | Found a hide-covered altar of Uskayaw.
  2198 | D:3      | Found a glowing golden altar of the Shining One.
  2216 | D:3      | Became a worshipper of Makhleb the Destroyer
  2216 | D:3      | Reached * piety under Makhleb
  2216 | D:3      | Reached ** piety under Makhleb
  2575 | D:4      | Found Josef's Assorted Antiques.
  2583 | D:4      | Reached XP level 5. HP: 42/45 MP: 4/4
  2614 | D:4      | Found a staircase to the Ecumenical Temple.
  2757 | D:4      | Found a shadowy altar of Dithmenos.
  2913 | D:4      | Reached skill level 1 in Invocations
  2943 | D:4      | Reached XP level 6. HP: 52/52 MP: 4/6
  2944 | D:4      | Found a shimmering altar of Xom.
  3170 | Temple   | Entered the Ecumenical Temple
  3430 | D:5      | Entered Level 5 of the Dungeon
  3460 | D:5      | Found a sparkling altar of Nemelex Xobeh.
  3675 | D:5      | Found a glowing drain.
  3692 | Sewer    | Entered a sewer
  3741 | Sewer    | Reached XP level 7. HP: 43/58 MP: 9/9
  3955 | Sewer    | Reached *** piety under Makhleb
  4325 | D:5      | Reached skill level 5 in Invocations
  4539 | D:5      | Found a shattered altar of Ashenzari.
  4753 | D:6      | Noticed Grinder
  4753 | D:6      | Paralysed by Grinder for 4 turns
  4762 | D:6      | Killed Grinder
  4762 | D:6      | Reached XP level 8. HP: 62/66 MP: 10/12
  4997 | D:6      | Noticed Sigmund
  5005 | D:6      | Killed Sigmund
  5358 | D:6      | Reached **** piety under Makhleb
  5566 | D:7      | Reached XP level 9. HP: 72/72 MP: 14/14
  6030 | D:8      | Found an opulent altar of Gozag.
  6057 | D:8      | Reached skill level 5 in Fighting
  6195 | D:8      | Found a snail-covered altar of Cheibriados.
  6301 | D:8      | Reached skill level 10 in Invocations
  6533 | D:8      | Reached skill level 5 in Armour
  6549 | D:8      | Noticed Gastronok
  6594 | D:8      | Killed Gastronok
  6594 | D:8      | Reached skill level 5 in Dodging
  6594 | D:8      | Reached XP level 10. HP: 52/82 MP: 16/16
  6596 | D:8      | Reached skill level 1 in Staves
  7112 | D:9      | Found a hazy altar of Hepliaklqana.
  7214 | D:9      | Reached skill level 1 in Evocations
  7217 | D:9      | Reached skill level 1 in Spellcasting
  7230 | D:10     | Entered Level 10 of the Dungeon
  7738 | D:10     | Noticed a two-headed ogre
  7754 | D:10     | Killed a two-headed ogre
  8166 | D:10     | Reached XP level 11. HP: 76/90 MP: 17/17
  8587 | D:9      | Found a sacrificial altar of Ru.
  8951 | D:9      | Found a staircase to the Orcish Mines.
  9086 | Orc:1    | Entered Level 1 of the Orcish Mines
  9284 | Orc:2    | Entered Level 2 of the Orcish Mines
  9361 | Orc:2    | Noticed an orc knight
  9424 | Orc:2    | Killed an orc knight
  9486 | Orc:2    | Found a roughly hewn altar of Beogh.
  9497 | Orc:2    | Found Xuseini's Antique Weapon Boutique.
  9532 | Orc:2    | Noticed an orc knight
  9548 | Orc:2    | Killed an orc knight
  9584 | Orc:2    | Noticed an orc sorcerer
  9586 | Orc:2    | Paralysed by an orc sorcerer for 7 turns
  9596 | Orc:2    | Killed an orc sorcerer
  9596 | Orc:2    | Noticed Josephine
  9625 | Orc:2    | Killed Josephine
  9625 | Orc:2    | Reached skill level 10 in Dodging
  9729 | Orc:1    | HP: 4/91 [wraith[Josephine] (7)]
  9730 | Orc:1    | Slain by a wraith

Illustrated notes

Levels and vault maps discovered:
D:1:      lemuel_arrival_lava_pool, layout_basic, minmay_fountain_box,
          minmay_tiny_reverse_x
D:2:      layout_basic, elyvilon_altar_3, first_ration, uniq_robin
D:3:      layout_loops_ring, chequers_temple_overflow_minitemple
D:4:      layout_rooms, kennysheep_mini_moat, minmay_temple_entry_junction_2,
          serial_shops, nicolae_shop_overgrown_old_shop, grunt_dithmenos_smoke
D:5:      layout_loops_ring, marbit_many_paths, portal_sewer_entry_f,
          nemelex_diamond_rough_becter
D:6:      layout_basic, uniq_grinder, uniq_sigmund
D:7:      layout_basic
D:8:      layout_cave_pools, overflow_temple_1_default, slow_altar_2,
          uniq_gastronok
D:9:      layout_rooms, lemuel_round_altar, nicolae_ru_awakened_eye, orc_0_dummy
D:10:     layout_layer_cave
Temple:   dpeg_chambers_temple
Orc:1:    layout_caves, uniq_urug
Orc:2:    grunt_orc_community_town_hall, layout_caves,
          grunt_orc_community_big_house_2, grunt_orc_community_big_house_2,
          grunt_orc_community_house_3, grunt_orc_community_house_3,
          grunt_orc_community_house_2, grunt_orc_community_house_1,
          uniq_josephine, uniq_donald

Skill      XL: |  1  2  3  4  5  6  7  8  9 10 11 |
---------------+----------------------------------+-----
Dodging        | 3 4 5 7 10 | 10.1
Unarmed Combat | 4 6 |  6.7
Armour         | 1 3 4 6 |  6.0
Invocations    | 1 4 7 9 10 | 10.4
Fighting       | 4 6 |  6.7
Staves         | 2 |  2.1
Evocations     | 1 |  1.7
Spellcasting   | 1 |  1.5
Stealth        | |  2.1

Action                   |  1- 3 |  4- 6 |  7- 9 | 10-12 || total
-------------------------+-------+-------+-------+-------++-------
Melee: Unarmed           |   108 |   106 |    65 |    72 ||   351
       Punch             |     1 |     2 |     1 |     3 ||     7
Throw: Boomerang         |     8 |     6 |       |       ||    14
Invok: Minor Destruction |       |    78 |   243 |   212 ||   533
       Lesser Servant of |       |       |     2 |    21 ||    23
       Major Destruction |       |       |     3 |    22 ||    25
Evoke: Wand              |       |       |       |     3 ||     3
  Use: Scroll            |     4 |     3 |     7 |     9 ||    23
       Potion            |     1 |     2 |     4 |     8 ||    15
 Stab: Sleeping          |     3 |       |       |       ||     3
  Eat: Chunk             |     3 |    13 |     7 |    10 ||    33
Armor: Robe              |    22 |       |       |       ||    22
       Leather armour    |     5 |     2 |       |       ||     7
       Chain mail        |       |    55 |    39 |       ||    94
       Plate armour      |       |       |    38 |   169 ||   207
Dodge: Dodged            |    92 |    50 |    65 |    96 ||   303
       Repelled          |       |     6 |     5 |     4 ||    15
